[Event "Titled Tuesday Blitz February 22 Early 2022"]
[White "Kostiukov, Alexandr"]
[Black "Sellitti, Federico"]
[WhiteFideId "14108100"]
[BlackFideId "821829"]
[WhiteElo "2202"]
[BlackElo "2610"]
[Result "1/2-1/2"]
[Round "04"]
[TimeControl "180+1"]
[Date "2022.02.22"]
[WhiteClock "0:00:05"]
[BlackClock "0:00:19"]

1. g3 g6 2. Bg2 Bg7 3. Nf3 Nf6 4. O-O O-O 5. c4 c5 6. d4 cxd4 7. Nxd4 d6 8. Nc3 Nc6 9. b3 Nxd4 10. Qxd4 Ne4 11. Qxe4 Bxc3 12. Bh6 Bxa1 13. Bxf8 Kxf8 14. Rxa1 Qb6 15. Qf4 Be6 16. Rd1 a5 17. Bd5 Bxd5 18. Rxd5 a4 19. Rb5 Qc6 20. Qd4 f6 21. Qb6 Qxb6 22. Rxb6 axb3 23. axb3 Ra7 24. f4 Ke8 25. Kf2 Kd7 26. Ke3 Kc7 27. Rb5 Kc6 28. g4 Ra1 29. Kf3 Rh1 30. Kg2 Rd1 31. h4 d5 32. Rb4 b6 33. h5 e5 34. hxg6 hxg6 35. g5 fxg5 36. fxe5 dxc4 37. Rxc4+ Kd5 38. Rg4 Kxe5 39. Rxg5+ Kf6 40. Rb5 Rd6 41. Kf3 Rc6 42. e3 Re6 43. Kf4 Rc6 44. e4 Re6 45. Rd5 Rc6 46. b4 Rc4 47. Rd6+ Kg7 48. Rxb6 Kh6 49. Ke5 Kh5 50. Rb8 Rc1 51. Rh8+ Kg4 52. b5 Rb1 53. Rb8 Kf3 54. Kf6 Kxe4 55. Kxg6 Kd5 56. Kf6 Kc5 57. Ke5 Rxb5 58. Rxb5+ Kxb5 1/2-1/2


[Site "https://www.chess.com"]

[Event "Titled Tuesday Blitz February 22 Early 2022"]
[White "Kovalenko, Igor"]
[Black "Paravyan, David"]
[WhiteFideId "14117908"]
[BlackFideId "4194985"]
[WhiteElo "2560"]
[BlackElo "2569"]
[Result "1/2-1/2"]
[Round "04"]
[TimeControl "180+1"]
[Date "2022.02.22"]
[WhiteClock "0:00:02"]
[BlackClock "0:00:03"]

1. d4 Nf6 2. c4 g6 3. Nc3 d5 4. Bg5 Ne4 5. Bf4 Nxc3 6. bxc3 c5 7. e3 Bg7 8. cxd5 Qxd5 9. Qb3 Be6 10. Nf3 O-O 11. Qxd5 Bxd5 12. Be2 Nc6 13. O-O Rfe8 14. Bg3 cxd4 15. cxd4 e5 16. dxe5 Nxe5 17. Nxe5 Bxe5 18. Bxe5 Rxe5 19. Rfc1 Rd8 20. Rc5 Re7 21. a4 Bc6 22. Bb5 Red7 23. h4 Rd1+ 24. Rxd1 Rxd1+ 25. Kh2 Rd5 26. Rxd5 Bxd5 27. a5 Kf8 28. Kg3 Ke7 29. f3 Kd6 30. Kf4 Kc5 31. Be8 Kb4 32. Ke5 Bc4 33. Kf6 Kxa5 34. e4 b5 35. e5 b4 36. Bxf7 Bxf7 37. Kxf7 b3 38. e6 b2 39. e7 b1=Q 40. e8=Q Qa2+ 41. Kg7 Qxg2 42. Qe5+ Kb6 43. Qe3+ Ka6 44. Kxh7 Qg3 45. Qe4 Ka5 46. Qd5+ Kb4 47. Qd4+ Kb5 48. Qxa7 Qxh4+ 49. Kg7 g5 50. Kg6 Kc4 51. Qa4+ Kd3 52. Qg4 Ke3 53. Kf5 Kf2 54. Qe4 Kg3 55. Qe3 Kg2 56. Qxg5+ Qxg5+ 57. Kxg5 Kxf3 1/2-1/2


[Site "https://www.chess.com"]

[Event "Titled Tuesday Blitz February 22 Early 2022"]
[White "Kozelov, Roman"]
[Black "Gelman, Alexander"]
[WhiteFideId "14133377"]
[BlackFideId "4118316"]
[WhiteElo "2160"]
[BlackElo "2375"]
[Result "0-1"]
[Round "04"]
[TimeControl "180+1"]
[Date "2022.02.22"]
[WhiteClock "0:00:04"]
[BlackClock "0:00:06"]

1. e4 c5 2. Nf3 e6 3. g3 Nc6 4. Bg2 Nf6 5. Nc3 d6 6. O-O Be7 7. d4 cxd4 8. Nxd4 Bd7 9. Be3 a6 10. f4 O-O 11. a3 Rc8 12. Nce2 b5 13. c3 Na5 14. b3 Ng4 15. Bd2 e5 16. h3 exd4 17. hxg4 Bxg4 18. cxd4 Bxe2 19. Bxa5 Qxa5 20. Qxe2 Qc3 21. Rad1 Qxb3 22. Rd3 Qc4 23. e5 dxe5 24. fxe5 Rce8 25. Qf3 Bd8 26. Re1 Bb6 27. Red1 Rxe5 28. Kh2 Re6 29. Bh3 Rd6 30. d5 Qc7 31. Rc3 Qe7 32. Rf1 Rf6 33. Qg2 Rd8 34. Rxf6 Qxf6 35. Rc6 Qd4 36. d6 g6 37. d7 h5 38. Qf1 h4 39. Bg2 hxg3+ 40. Kh1 Rxd7 41. Bf3 Qh4+ 0-1


[Site "https://www.chess.com"]

[Event "Titled Tuesday Blitz February 22 Early 2022"]
[White "Kozin, Yuri"]
[Black "Quirke, Jeffrey"]
[WhiteFideId "4129920"]
[BlackFideId "2013029"]
[WhiteElo "2562"]
[BlackElo "2214"]
[Result "1-0"]
[Round "04"]
[TimeControl "180+1"]
[Date "2022.02.22"]
[WhiteClock "0:00:44"]
[BlackClock "0:00:02"]

1. e4 c5 2. Nf3 e6 3. d4 cxd4 4. Nxd4 a6 5. Bd3 Bc5 6. Nb3 Ba7 7. Nc3 Nc6 8. Qe2 d6 9. Be3 Nf6 10. O-O-O b5 11. Bxa7 Rxa7 12. Qe3 Rd7 13. f4 Qc7 14. g4 Nb4 15. g5 Nxd3+ 16. Rxd3 Nh5 17. f5 g6 18. Nd4 Rd8 19. Nce2 O-O 20. f6 e5 21. Nb3 Be6 22. Rhd1 Rc8 23. Rc3 Qb8 24. Ng3 Nf4 25. Ne2 Nxe2+ 26. Qxe2 Rxc3 27. bxc3 Rc8 28. Qe3 Qc7 29. Kb2 a5 30. Rd3 b4 31. Qd2 a4 32. Nc1 a3+ 33. Ka1 bxc3 34. Qe3 Qb7 35. Nb3 Bxb3 36. axb3 Qc7 37. Qh3 h5 38. gxh6 Kh7 39. Ka2 1-0


[Site "https://www.chess.com"]

[Event "Titled Tuesday Blitz February 22 Early 2022"]
[White "Krutko, Anatoly"]
[Black "Qashashvili, Alexandre"]
[WhiteFideId "4185862"]
[BlackFideId "13600842"]
[WhiteElo "2378"]
[BlackElo "2316"]
[Result "0-1"]
[Round "04"]
[TimeControl "180+1"]
[Date "2022.02.22"]
[WhiteClock "0:00:22"]
[BlackClock "0:00:14"]

1. d4 d5 2. c4 c6 3. Nf3 Nf6 4. e3 Bf5 5. Nc3 e6 6. Qb3 b6 7. cxd5 exd5 8. Ne5 Bd6 9. f4 O-O 10. Be2 Ne4 11. O-O h6 12. Bf3 Qc7 13. Bxe4 Bxe4 14. Nxe4 dxe4 15. Bd2 Nd7 16. Rac1 c5 17. Bc3 Rac8 18. g4 cxd4 19. Bxd4 Qxc1 20. Rxc1 Rxc1+ 21. Kg2 Bxe5 22. fxe5 Nc5 23. Qd5 Rc2+ 24. Kg3 Ne6 25. Qxe4 Nxd4 26. exd4 Rxb2 27. e6 fxe6 28. Qxe6+ Kh8 29. h4 Rd2 30. Qe5 Rd8 31. g5 Rd3+ 32. Kg2 hxg5 33. hxg5 Rd2+ 34. Kg3 Rd3+ 35. Kg2 R3xd4 36. Qh2+ Kg8 37. Qe5 Rd2+ 38. Kg3 R2d3+ 39. Kg4 R3d4+ 40. Kh5 R4d6 41. Qb5 R8d7 42. Qb3+ Kh7 43. Qc2+ g6+ 44. Kh4 Rd4+ 45. Kh3 Rd3+ 0-1


[Site "https://www.chess.com"]

[Event "Titled Tuesday Blitz February 22 Early 2022"]
[White "Krzywda, Andrzej"]
[Black "Colas, Joshua"]
[WhiteFideId "1114565"]
[BlackFideId "2044447"]
[WhiteElo "2098"]
[BlackElo "2347"]
[Result "0-1"]
[Round "04"]
[TimeControl "180+1"]
[Date "2022.02.22"]
[WhiteClock "0:02:20"]
[BlackClock "0:02:08"]

1. d4 Nf6 2. Nf3 d5 3. g3 e6 4. Bg2 Be7 5. O-O O-O 6. c4 dxc4 7. Qc2 b5 8. a4 b4 9. Nbd2 Bb7 10. Nxc4 a5 11. Rd1 Be4 12. Qd2 Nbd7 13. Nfe5 Bxg2 14. Kxg2 Nxe5 15. Nxe5 Qd5+ 16. Kg1 c5 17. dxc5 Qxe5 18. c6 Rac8 19. Qc2 Qc7 0-1


[Site "https://www.chess.com"]

[Event "Titled Tuesday Blitz February 22 Early 2022"]
[White "Langner, Ladislav"]
[Black "Samarth, J Rao"]
[WhiteFideId "300403"]
[BlackFideId "46652370"]
[WhiteElo "2346"]
[BlackElo "1514"]
[Result "1-0"]
[Round "04"]
[TimeControl "180+1"]
[Date "2022.02.22"]
[WhiteClock "0:00:25"]
[BlackClock "0:00:03"]

1. e4 c5 2. c3 Nf6 3. e5 Nd5 4. Bc4 Nb6 5. Bb3 d5 6. exd6 exd6 7. d4 d5 8. Nf3 Be7 9. dxc5 Bxc5 10. O-O O-O 11. h3 h6 12. Bf4 Nc6 13. Re1 Bf5 14. Nbd2 a5 15. Be3 d4 16. cxd4 Nxd4 17. Nxd4 Bxd4 18. Bxd4 Qxd4 19. Nc4 Qxd1 20. Raxd1 Nxc4 21. Bxc4 Rac8 22. b3 a4 23. Re7 b5 24. Bxb5 axb3 25. axb3 Bc2 26. Rc1 Bxb3 27. Rec7 Rxc7 28. Rxc7 Rb8 29. Bd3 Kf8 30. g4 Bd5 31. Kh2 Rb3 32. Bc2 Rf3 33. Rc5 Rxf2+ 34. Kg1 Rg2+ 35. Kf1 Rd2 36. Ke1 Rd4 37. Kf2 Ke7 38. Ke3 Rc4 39. Rxd5 Rxc2 40. Rd3 Rh2 41. Kf4 Kf6 42. Rd6+ Ke7 43. Rd3 Ke6 44. Kg3 Re2 45. Ra3 Re5 46. Ra6+ Ke7 47. Kf4 Re6 48. Ra7+ Kf6 49. Ra5 Rb6 50. Ra3 Rb4+ 51. Kg3 Kg6 52. Ra6+ f6 53. Ra3 Kg5 54. Ra5+ Kg6 55. Ra3 Kf7 56. Ra7+ Kf8 57. Ra3 Kf7 58. Ra7+ Kg8 59. Rc7 Rd4 60. Kh4 Kh7 61. Kg3 Kg6 62. Rc5 1-0


[Site "https://www.chess.com"]

[Event "Titled Tuesday Blitz February 22 Early 2022"]
[White "Lazavik, Denis"]
[Black "Vitiugov, Nikita"]
[WhiteFideId "13515110"]
[BlackFideId "4152956"]
[WhiteElo "2436"]
[BlackElo "2673"]
[Result "1-0"]
[Round "04"]
[TimeControl "180+1"]
[Date "2022.02.22"]
[WhiteClock "0:00:06"]
[BlackClock "0:00:02"]

1. d4 Nf6 2. c4 g6 3. g3 Bg7 4. Bg2 O-O 5. Nc3 d6 6. Nf3 Nc6 7. O-O a6 8. h3 Rb8 9. e4 b5 10. d5 Na5 11. cxb5 axb5 12. b4 Nc4 13. Nd4 Bd7 14. a4 bxa4 15. b5 Nb6 16. Be3 Qc8 17. Nc6 Bxc6 18. bxc6 e6 19. Nxa4 Nxa4 20. Rxa4 exd5 21. exd5 Re8 22. Qd3 h5 23. Rb1 Rxb1+ 24. Qxb1 Kh7 25. Ra7 Rxe3 26. fxe3 Bh6 27. Qd3 Kg7 28. e4 Ne8 29. Qd4+ Kg8 30. Rb7 Qd8 31. Qb2 Be3+ 32. Kh1 Qe7 33. Rb8 h4 34. e5 Ba7 35. Ra8 Bb6 36. g4 dxe5 37. d6 Qxd6 38. Rxe8+ Kh7 39. Qxe5 Qd1+ 40. Qe1 1-0


[Site "https://www.chess.com"]

[Event "Titled Tuesday Blitz February 22 Early 2022"]
[White "Liyanage, Ranindu Dilshan"]
[Black "Sahil, Tickoo"]
[WhiteFideId "9915834"]
[BlackFideId "5019710"]
[WhiteElo "1858"]
[BlackElo "2099"]
[Result "1/2-1/2"]
[Round "04"]
[TimeControl "180+1"]
[Date "2022.02.22"]
[WhiteClock "0:00:13"]
[BlackClock "0:00:14"]

1. d4 d5 2. c4 e6 3. Nf3 c6 4. Nc3 Nf6 5. e3 Nbd7 6. Qc2 Bd6 7. Bd3 dxc4 8. Bxc4 b5 9. Bd3 O-O 10. O-O Bb7 11. Rd1 Rc8 12. e4 e5 13. h3 Qe7 14. Bg5 a6 15. Ne2 h6 16. Bxf6 Qxf6 17. a4 Rfd8 18. Qb3 exd4 19. Nexd4 Ne5 20. Nf5 Nxf3+ 21. gxf3 Bf4 22. Bf1 g6 23. Ne3 Qg5+ 24. Bg2 Be5 25. axb5 cxb5 26. Nd5 Bxd5 27. Rxd5 Rxd5 28. Qxd5 Rc1+ 29. Rxc1 Qxc1+ 30. Bf1 Qf4 31. Bg2 Qc1+ 32. Bf1 Qf4 33. Bg2 Qc1+ 1/2-1/2


[Site "https://www.chess.com"]

[Event "Titled Tuesday Blitz February 22 Early 2022"]
[White "Lodici, Lorenzo"]
[Black "Deac, Bogdan-Daniel"]
[WhiteFideId "884189"]
[BlackFideId "1226380"]
[WhiteElo "2265"]
[BlackElo "2646"]
[Result "1/2-1/2"]
[Round "04"]
[TimeControl "180+1"]
[Date "2022.02.22"]
[WhiteClock "0:00:25"]
[BlackClock "0:00:03"]

1. e4 e5 2. Nf3 Nf6 3. Nc3 Nc6 4. Bb5 Bb4 5. O-O O-O 6. Bxc6 dxc6 7. Nxe5 Bxc3 8. dxc3 Nxe4 9. Qf3 Nd6 10. Bf4 Re8 11. Rad1 Qf6 12. Nd3 Bf5 13. Rfe1 h6 14. h3 Bg6 15. Rxe8+ Rxe8 16. Re1 Rxe1+ 17. Nxe1 Qe6 18. Qe3 Qxa2 19. Qe7 Qxb2 20. Qxc7 Ne4 21. Qb8+ Kh7 22. Qxa7 Qxc3 23. Qe3 b5 24. f3 Qxe3+ 25. Bxe3 Nc3 26. Bd2 Nd5 27. Kf2 c5 28. g4 b4 29. Ke2 c4 30. Kd1 f6 31. Ng2 c3 32. Bc1 Bf7 33. Nf4 Nb6 34. Be3 Na4 35. Nd3 b3 36. cxb3 Bxb3+ 37. Kc1 Bd5 38. Ne1 g5 39. Kc2 Kg6 40. Kd3 f5 41. Kd4 Bc6 42. Kc4 f4 43. Bf2 c2 44. Nxc2 Bxf3 45. Ne1 Be4 46. Bd4 h5 47. Kb4 hxg4 48. hxg4 Bc6 49. Nd3 Be8 50. Nf2 Bd7 51. Kc4 Be6+ 52. Kb4 Bd7 53. Kc4 Kf7 54. Ne4 Kg6 55. Nf2 1/2-1/2


[Site "https://www.chess.com"]

[Event "Titled Tuesday Blitz February 22 Early 2022"]
[White "Lopez Gracia, Fernando"]
[Black "Shuvalova, Polina"]
[WhiteFideId "2207184"]
[BlackFideId "24171760"]
[WhiteElo "2438"]
[BlackElo "2355"]
[Result "0-1"]
[Round "04"]
[TimeControl "180+1"]
[Date "2022.02.22"]
[WhiteClock "0:00:04"]
[BlackClock "0:00:08"]

1. c4 e6 2. Nf3 d5 3. e3 Nf6 4. b3 Be7 5. Bb2 O-O 6. g3 c5 7. Bg2 b6 8. O-O Bb7 9. cxd5 Nxd5 10. d4 Nc6 11. Nc3 Nxc3 12. Bxc3 Rc8 13. Rc1 Ba6 14. Re1 cxd4 15. Nxd4 Nxd4 16. Bxd4 Bb4 17. Qg4 g6 18. Red1 Qe7 19. Qf4 Bd6 20. Qf3 e5 21. Bb2 Rxc1 22. Rxc1 Rd8 23. Rd1 Bc8 24. Qc6 Be6 25. Bd5 Bc5 26. Bxe5 Bg4 27. Bf6 Qe8 28. Bxf7+ Kxf7 29. Qc7+ Kxf6 30. Rxd8 Qe4 31. Qf4+ Qxf4 32. gxf4 h5 33. Kg2 a5 34. h3 Be6 35. e4 Ke7 36. Rd2 Bd7 37. Kg3 Bc6 38. f3 Ke6 39. Rc2 Bd7 40. Rd2 Ke7 41. Rd5 Bb4 42. Rg5 Be1+ 43. Kg2 Kf6 44. e5+ Kf7 45. Kf1 Bd2 46. Rg2 Bxf4 47. Rc2 Bxh3+ 48. Kf2 Bxe5 49. Ke3 Bf5 50. Rc6 Bh2 51. Kd4 Bg1+ 52. Ke5 Be3 53. f4 Kg7 54. Rc7+ Kh6 55. Rc3 Bc5 56. Rc1 h4 57. Rh1 h3 58. Rh2 Kh5 59. b4 axb4 60. Kd5 Kg4 61. Ke5 Kg3 62. Re2 h2 63. Re1 Bg1 64. Re2 h1=Q 65. Rg2+ Qxg2 66. Kf6 Qe4 0-1


[Site "https://www.chess.com"]

[Event "Titled Tuesday Blitz February 22 Early 2022"]
[White "Lopez Mulet, Inigo"]
[Black "Kobo, Ori"]
[WhiteFideId "22235620"]
[BlackFideId "2812320"]
[WhiteElo "2526"]
[BlackElo "2758"]
[Result "0-1"]
[Round "04"]
[TimeControl "180+1"]
[Date "2022.02.22"]
[WhiteClock "0:00:24"]
[BlackClock "0:00:18"]

1. b3 e5 2. Bb2 Nc6 3. e3 d5 4. d4 exd4 5. exd4 Bd6 6. Nf3 Nge7 7. Bd3 Bg4 8. h3 Bh5 9. O-O f6 10. c4 O-O 11. Nbd2 Qd7 12. a3 Bf4 13. Qc2 Bg6 14. Bxg6 Nxg6 15. Rfe1 Rfe8 16. cxd5 Qxd5 17. Qc4 Nge7 18. Ne4 Bd6 19. Re2 Na5 20. Qa4 Nec6 21. Rae1 Rxe4 22. b4 Rxe2 23. Rxe2 b5 24. Qd1 Nc4 25. Bc1 Ne7 26. Qd3 Ng6 27. g3 Kf7 28. h4 Re8 29. Rxe8 Kxe8 30. h5 Ne7 31. h6 g6 32. Kg2 Kf7 33. Kg1 Nf5 34. Qc3 c6 35. Qd3 a6 36. Kf1 Be7 37. g4 Nfd6 38. Bf4 Qe4 39. Qxe4 Nxe4 40. Ke2 Nc3+ 41. Kd3 Nd5 42. Bc1 Bd6 43. Ne1 Bf4 44. Bxf4 Nxf4+ 45. Ke4 Nd5 46. Nc2 Ke6 47. f4 f5+ 48. gxf5+ gxf5+ 49. Kf3 Nd2+ 50. Kg3 Ne4+ 51. Kf3 Kf6 52. Ne1 Kg6 53. Nd3 Kxh6 54. Ne5 Ne7 55. Nf7+ Kg7 56. Ne5 Kf6 57. Nd7+ Ke6 58. Nb8 Kd6 59. Nxa6 h5 60. Nc5 Nxc5 61. dxc5+ Kd5 62. Kg3 Ng6 63. Kf3 h4 64. Kg2 Nxf4+ 65. Kf3 Ng6 66. Kg2 f4 67. Kf3 Kc4 68. Kf2 Kb3 0-1


[Site "https://www.chess.com"]

[Event "Titled Tuesday Blitz February 22 Early 2022"]
[White "Loy, Konstantin"]
[Black "Osiecki, Stanislaw"]
[WhiteFideId "14122499"]
[BlackFideId "1102990"]
[WhiteElo "2084"]
[BlackElo "2127"]
[Result "0-1"]
[Round "04"]
[TimeControl "180+1"]
[Date "2022.02.22"]
[WhiteClock "0:00:02"]
[BlackClock "0:00:16"]

1. e4 e6 2. d3 d5 3. Nd2 c5 4. Ngf3 Nc6 5. g3 Bd6 6. Bg2 Nge7 7. O-O O-O 8. Re1 d4 9. a4 Bd7 10. Nc4 Bc7 11. e5 Nd5 12. h4 a6 13. Bg5 Qb8 14. a5 h6 15. Bd2 Ncb4 16. h5 Qd8 17. g4 Bb5 18. g5 Kh7 19. Qc1 hxg5 20. Bxg5 f6 21. Bh4 Qe8 22. h6 gxh6 23. exf6 Bxc4 24. dxc4 Nf4 25. Bg3 Nxg2 26. Kxg2 Bxg3 27. fxg3 Rxf6 28. Qd2 Qg6 29. Nh4 Qxc2 30. Re2 d3 31. Qxc2 Nxc2 32. Ree1 Nxa1 33. Rxa1 Rd8 34. Rd1 e5 35. Nf3 e4 36. Ne1 Rfd6 37. Kf2 Rd4 38. b3 d2 39. Nc2 Rd3 40. Ke2 Rxg3 41. Ne3 Rh3 0-1


[Site "https://www.chess.com"]

[Event "Titled Tuesday Blitz February 22 Early 2022"]
[White "Manelyuk, Daniil"]
[Black "Maevsky, Nikolay"]
[WhiteFideId "44173920"]
[BlackFideId "4198220"]
[WhiteElo "2222"]
[BlackElo "2104"]
[Result "1-0"]
[Round "04"]
[TimeControl "180+1"]
[Date "2022.02.22"]
[WhiteClock "0:00:14"]
[BlackClock "0:01:25"]

1. e4 c5 2. Nf3 Nf6 3. Nc3 Nc6 4. d4 d5 5. exd5 Nxd5 6. Bc4 Nxc3 7. bxc3 e6 8. O-O Be7 9. Ba3 cxd4 10. Bxe7 Nxe7 11. cxd4 O-O 12. Bd3 h6 13. c4 b6 14. Be4 Rb8 15. Qe2 Bb7 16. Rfd1 Bxe4 17. Qxe4 Qc7 18. d5 exd5 19. cxd5 Qd6 20. Nd4 a6 21. Rac1 Rbd8 22. Nf5 Nxf5 23. Qxf5 Rfe8 24. Qd3 b5 25. h3 Rc8 26. Qg3 Qxg3 27. fxg3 Rxc1 28. Rxc1 Rd8 29. Rc5 Kf8 30. Kf2 Ke7 31. Ke3 Kd6 32. Kd4 Kd7 33. Rc6 Rc8 34. Rxc8 Kxc8 35. Kc5 Kd7 36. Kb6 Kd6 37. Kxa6 b4 38. Kb5 Kxd5 39. Kxb4 Kc6 40. Kc4 Kd6 41. a4 Kc6 42. a5 Kd6 43. Kb5 Kc7 44. Kc5 Kd7 45. Kb6 Kc8 46. Kc6 Kb8 47. Kd6 Ka7 48. Ke7 Ka6 49. Kxf7 g5 50. Kg6 Kxa5 51. Kxh6 1-0


[Site "https://www.chess.com"]

[Event "Titled Tuesday Blitz February 22 Early 2022"]
[White "Manukian, Artak"]
[Black "Mohammad Fahad, Rahman"]
[WhiteFideId "13301373"]
[BlackFideId "10207791"]
[WhiteElo "2486"]
[BlackElo "2323"]
[Result "1/2-1/2"]
[Round "04"]
[TimeControl "180+1"]
[Date "2022.02.22"]
[WhiteClock "0:00:50"]
[BlackClock "0:00:16"]

1. e4 e5 2. Nf3 Nc6 3. d4 exd4 4. Nxd4 Nf6 5. Nxc6 bxc6 6. e5 Qe7 7. Qe2 Nd5 8. c4 Ba6 9. b3 g6 10. g3 Bg7 11. Bb2 O-O 12. Bg2 Rfe8 13. O-O Nb6 14. Re1 d5 15. Nd2 Rab8 16. Rac1 Red8 17. h4 dxc4 18. Nxc4 Nxc4 19. bxc4 Qb4 20. Bc3 Qxc4 21. Qxc4 Bxc4 22. Bxc6 Bxa2 23. Ba5 Rd4 24. Bxc7 Rc8 25. Bb7 Re8 26. f4 Be6 27. Bc6 Rc8 28. Bb7 Re8 29. Bc6 Rc8 30. Bb7 Re8 1/2-1/2


[Site "https://www.chess.com"]

[Event "Titled Tuesday Blitz February 22 Early 2022"]
[White "Marson, Juan Miguel"]
[Black "Caputcuoglu, Zeki Berke"]
[WhiteFideId "106585"]
[BlackFideId "34548610"]
[WhiteElo "2053"]
[BlackElo "1368"]
[Result "1-0"]
[Round "04"]
[TimeControl "180+1"]
[Date "2022.02.22"]
[WhiteClock "0:00:05"]
[BlackClock "0:00:28"]

1. e4 e5 2. Nf3 Nc6 3. Bb5 a6 4. Ba4 Nf6 5. d4 b5 6. Bb3 Nxd4 7. Nxd4 exd4 8. e5 Qe7 9. O-O Ng8 10. c3 d3 11. Qxd3 Bb7 12. a4 b4 13. Re1 h5 14. Bf4 g6 15. Nd2 Bh6 16. Nc4 Bxf4 17. Nd6+ Kf8 18. Nxb7 Kg7 19. g3 Bh6 20. f4 Rb8 21. Qxa6 bxc3 22. bxc3 h4 23. Qa7 hxg3 24. Qxb8 Qh4 25. Re2 Bxf4 26. Qe8 Nh6 27. Qxd7 Be3+ 28. Kh1 Qe4+ 29. Rg2 Qxb7 30. Qd5 Qb8 31. Rf1 Rd8 32. e6 Rxd5 33. Bxd5 Nf5 34. exf7 gxh2 35. Be4 Nd6 36. f8=Q+ Qxf8 37. Rxf8 Nxe4 38. Kxh2 Kxf8 39. Re2 Bf4+ 40. Kg2 Nxc3 41. Rc2 Be5 42. a5 Nb5 43. Rc5 Na7 44. Rxe5 Nc6 45. Rc5 Nb4 46. Rxc7 Ke8 47. Rb7 Kd8 48. Rxb4 Kc7 49. a6 Kc6 50. a7 1-0


[Site "https://www.chess.com"]

[Event "Titled Tuesday Blitz February 22 Early 2022"]
[White "Martins, Bruno Andre Leite"]
[Black "Jaracz, Pawel"]
[WhiteFideId "1942255"]
[BlackFideId "1102222"]
[WhiteElo "2533"]
[BlackElo "2783"]
[Result "0-1"]
[Round "04"]
[TimeControl "180+1"]
[Date "2022.02.22"]
[WhiteClock "0:00:02"]
[BlackClock "0:00:04"]

1. e4 c6 2. Nf3 d5 3. Nc3 Bg4 4. h3 Bxf3 5. Qxf3 Nf6 6. g3 e6 7. Bg2 Nbd7 8. O-O Qb6 9. Rd1 Bb4 10. exd5 cxd5 11. Ne2 Ne5 12. Qb3 O-O 13. c3 Be7 14. Qxb6 axb6 15. d3 b5 16. Bf4 Nc6 17. a3 Rfd8 18. d4 Na5 19. Nc1 Nc4 20. Nd3 Ne4 21. Bf1 g5 22. Be3 h6 23. Rab1 b6 24. Ne5 Bd6 25. Nxc4 bxc4 26. Bg2 f5 27. Re1 Rf8 28. Bc1 Rae8 29. g4 Nf6 30. gxf5 exf5 31. Bd2 Ne4 32. Re2 h5 33. Rbe1 g4 34. hxg4 hxg4 35. f3 gxf3 36. Bxf3 Re6 37. Rg2+ Kf7 38. Bxe4 Rxe4 39. Rf1 Ke6 40. Rg6+ Rf6 41. Rxf6+ Kxf6 42. Kf2 Rh4 43. Kf3 Rh3+ 44. Ke2 Rh2+ 45. Rf2 Rh4 46. Kf3 b5 47. Rg2 Rh3+ 48. Kf2 f4 49. Rg8 Kf5 50. Rd8 Rh2+ 51. Ke1 Be7 52. Re8 Bh4+ 53. Kd1 f3 54. Rf8+ Kg4 55. Rf4+ Kg3 56. Rf5 f2 57. Bf4+ Kg4 58. Bxh2 Kxf5 59. Ke2 Ke4 60. Bd6 Bg5 61. Kxf2 Kd3 62. Kf3 Bc1 63. Kg4 Bxb2 64. Kf5 Bxc3 65. Ke6 Kxd4 66. Be5+ Kd3 67. Kxd5 Bxe5 68. Kxe5 0-1


[Site "https://www.chess.com"]

[Event "Titled Tuesday Blitz February 22 Early 2022"]
[White "Martirosyan, Haik M."]
[Black "Goltseva, Ekaterina"]
[WhiteFideId "13306553"]
[BlackFideId "24173770"]
[WhiteElo "2735"]
[BlackElo "2140"]
[Result "1-0"]
[Round "04"]
[TimeControl "180+1"]
[Date "2022.02.22"]
[WhiteClock "0:00:17"]
[BlackClock "0:00:02"]

1. e4 e5 2. Nf3 Nc6 3. d4 exd4 4. Nxd4 Bc5 5. Nb3 Bb6 6. Nc3 Nf6 7. Bg5 h6 8. Bh4 Qe7 9. Bd3 g5 10. Bg3 d6 11. Qd2 Be6 12. O-O-O O-O-O 13. Kb1 Ne5 14. Be2 Nc4 15. Qc1 Qe8 16. Rhe1 Qc6 17. Nd4 Bxd4 18. Rxd4 Rhe8 19. f3 Nh5 20. Bf2 Nf4 21. Bf1 Ne5 22. Nb5 Qb6 23. Be3 c5 24. Ra4 a6 25. Nc3 Nfg6 26. Rd1 Nc6 27. Ra3 Nge5 28. Nd5 Bxd5 29. Rxd5 Nb4 30. Rd1 Qc7 31. c3 Nbc6 32. Ka1 f6 33. Qd2 Qf7 34. Ra4 Kc7 35. b4 c4 36. Rb1 Ra8 37. b5 axb5 38. Rxa8 Rxa8 39. Rxb5 Qd7 40. Bb6+ Kc8 41. Qd5 Ne7 42. Ra5 Nxd5 43. Rxa8# 1-0


[Site "https://www.chess.com"]

[Event "Titled Tuesday Blitz February 22 Early 2022"]
[White "Matinian, Nikita"]
[Black "Fedoseev, Vladimir"]
[WhiteFideId "24129100"]
[BlackFideId "24130737"]
[WhiteElo "2422"]
[BlackElo "2726"]
[Result "1-0"]
[Round "04"]
[TimeControl "180+1"]
[Date "2022.02.22"]
[WhiteClock "0:00:08"]
[BlackClock "0:00:08"]

1. e4 c5 2. Nc3 Nc6 3. Bb5 Nd4 4. Nf3 a6 5. Bd3 g6 6. O-O Bg7 7. Re1 Nh6 8. Rb1 d6 9. h3 Nc6 10. a3 b5 11. Nd5 e6 12. Ne3 O-O 13. c4 b4 14. axb4 Nxb4 15. Bf1 e5 16. d3 f5 17. exf5 gxf5 18. g3 f4 19. Nd5 Nxd5 20. cxd5 fxg3 21. fxg3 Nf5 22. Bg5 Qe8 23. g4 h6 24. Bd2 Ne7 25. Bg2 Bb7 26. b4 Bxd5 27. bxc5 dxc5 28. Nxe5 Bxg2 29. Kxg2 Nc6 30. Nxc6 Qxc6+ 31. Re4 Bd4 32. Be1 Rae8 33. Qe2 c4 34. Rc1 c3 35. Bg3 a5 36. h4 a4 37. Kh3 Rxe4 38. dxe4 Re8 39. e5 Rf8 40. Qd3 Rd8 41. Rf1 c2 42. Rf6 Qc7 43. Rg6+ Kf8 44. Qf5+ Qf7 45. Rf6 Rd7 46. Qxd7 Qxf6 47. exf6 Be5 48. Qc8+ Kf7 49. Qxc2 Bxg3 50. Qxa4 Kxf6 51. Kxg3 Ke5 52. Qf4+ Kd5 53. Qxh6 Kd4 54. g5 Kd3 55. g6 Ke2 56. g7 Kd3 57. Qf4 Kc2 58. Qd4 1-0


[Site "https://www.chess.com"]

[Event "Titled Tuesday Blitz February 22 Early 2022"]
[White "Matveeva, Olga"]
[Black "Samaganova, Aleksandra"]
[WhiteFideId "24107018"]
[BlackFideId "13800221"]
[WhiteElo "2083"]
[BlackElo "1859"]
[Result "1-0"]
[Round "04"]
[TimeControl "180+1"]
[Date "2022.02.22"]
[WhiteClock "0:00:18"]
[BlackClock "0:00:06"]

1. e4 c5 2. Nf3 e6 3. g3 Nc6 4. Bg2 g6 5. d4 cxd4 6. Nxd4 a6 7. c4 Bg7 8. Be3 Nge7 9. Nc3 O-O 10. O-O b6 11. Qd2 Ne5 12. b3 Ng4 13. Bg5 h6 14. h3 hxg5 15. hxg4 Bb7 16. Rad1 Nc8 17. Nf3 d6 18. Rfe1 Qe7 19. e5 dxe5 20. Nxe5 Bxg2 21. Kxg2 Qb7+ 22. f3 Ne7 23. Qd7 Rab8 24. Na4 Bxe5 25. Rxe5 Qxd7 26. Rxd7 Nc6 27. Re2 b5 28. cxb5 axb5 29. Nc5 Ra8 30. Red2 Nb4 31. a4 bxa4 32. bxa4 Nd5 33. Kf2 Rfc8 34. Ne4 Rxa4 35. Nxg5 Rf8 36. Ne4 Kg7 37. g5 Ra3 38. g4 Nf4 39. Kg3 Nd5 40. Rh2 Kg8 41. Rxd5 exd5 42. Nf6+ Kg7 43. Rh7# 1-0


[Site "https://www.chess.com"]

[Event "Titled Tuesday Blitz February 22 Early 2022"]
[White "Mayaud, Raphael"]
[Black "Voege, Tobias"]
[WhiteFideId "627151"]
[BlackFideId "1270513"]
[WhiteElo "2191"]
[BlackElo "2335"]
[Result "0-1"]
[Round "04"]
[TimeControl "180+1"]
[Date "2022.02.22"]
[WhiteClock "0:00:04"]
[BlackClock "0:00:03"]

1. d4 Nf6 2. Bg5 b6 3. Bxf6 gxf6 4. g3 Bb7 5. Nf3 e6 6. Bg2 f5 7. c4 Bb4+ 8. Nbd2 O-O 9. O-O a5 10. a3 Be7 11. Qc2 Bf6 12. e4 fxe4 13. Nxe4 Bg7 14. Neg5 f5 15. h4 h6 16. Nh3 Be4 17. Qd2 d6 18. Nf4 Qe8 19. d5 e5 20. Ne6 Rf7 21. Ne1 Bxg2 22. Nxg2 a4 23. Qe2 Na6 24. Qh5 Rf6 25. Qxe8+ Rxe8 26. Ne3 f4 27. Nc2 Rg6 28. Kh2 fxg3+ 29. fxg3 Re7 30. Ne3 Bh8 31. h5 Rgxe6 32. dxe6 Rxe6 33. Nd5 e4 34. Rab1 e3 35. Kg2 Re4 36. Nf6+ Bxf6 37. Rxf6 Rxc4 38. Re1 Rc2+ 39. Kh3 Rxb2 40. Rxe3 Rb3 41. Re7 Nc5 42. Ref7 Ne6 43. Re7 Ng5+ 44. Kg4 Rc3 45. Kf5 Rf3+ 46. Kg6 Rxf6+ 47. Kxf6 c5 48. Kg6 Kf8 49. Rb7 Ne4 50. g4 c4 51. Rxb6 c3 52. Rc6 Nc5 0-1


[Site "https://www.chess.com"]